 Dungeon Crawl Stone Soup version 0.25.1-2-g60ff931df9 (webtiles) character file.

Game seed: 2339949664591569669

201856 nikku the Severer (level 18, -2/171 HPs)
             Began as a Hill Orc Monk on Nov 11, 2020.
             Was the Champion of Beogh.
             Slain by the 26-headed Lernaean hydra (7 damage)
             ... on level 4 of the Swamp on Nov 12, 2020.
             The game lasted 01:41:56 (39018 turns).

nikku the Severer (Hill Orc Monk)                  Turns: 39018, Time: 01:41:56

Health: -2/171     AC: 33    Str: 22    XL:     18   Next: 6%
Magic:  25/25      EV:  9    Int: 10    God:    Beogh [******]
Gold:   3758       SH: 16    Dex: 13    Spells: 17/17 levels left

rFire    . . .     SeeInvis .   D - +5 broad axe (venom)
rCold    . . .     Gourm    .   p - +2 kite shield
rNeg     + . .     Faith    +   i - +2 plate armour {MR+}
rPois    +         Spirit   .   y - +1 helmet
rElec    .         Reflect  .   A - +1 cloak {MR+}
rCorr    .         Harm     .   b - +3 pair of gauntlets of War {Slay+5}
MR       +++..                  a - +2 pair of boots
Stlth    ..........             v - amulet of faith
HPRegen  0.38/turn              s - ring of positive energy
MPRegen  0.19/turn              Q - ring of poison resistance

@: no status effects
A: walk on water
}: 2/15 runes: decaying, gossamer
a: Smiting, Recall Orcish Followers, Give Item to Named Follower, Resurrection,
Renounce Religion


You were on level 4 of the Swamp.
You worshipped Beogh.
Beogh was exalted by your worship.
You were not hungry.

You visited 5 branches of the dungeon, and saw 31 of its levels.

You collected 5799 gold pieces.
You spent 2041 gold pieces at shops.

Inventory:

Hand Weapons
 x - a +1 vorpal trident
 D - a +5 broad axe of venom (weapon)
Missiles
 g - 2 javelins
 j - 57 poisoned darts (quivered)
Armour
 a - a +2 pair of boots (worn)
 b - the +3 pair of gauntlets of War (worn) {Slay+5}
   (You bought it in a shop on level 2 of the Orcish Mines)

   It affects your accuracy and damage with ranged weapons and melee attacks
   (+5).
 i - a +2 plate armour of magic resistance (worn)
 p - a +2 kite shield (worn)
 y - a +1 helmet (worn)
 A - a +1 cloak of magic resistance (worn)
Jewellery
 s - a ring of positive energy (left hand)
 v - an amulet of faith (around neck)
 B - a +4 ring of protection
 K - an uncursed ring of protection from cold
 Q - a ring of poison resistance (right hand)
Wands
 u - a wand of acid (28)
 G - a wand of iceblast (36)
 N - a wand of polymorph (9)
 S - a wand of paralysis (23)
 V - a wand of clouds (7)
Scrolls
 k - 11 scrolls of magic mapping
 m - 14 scrolls of remove curse
 n - 5 scrolls of identify
 q - 12 scrolls of teleportation
 w - 8 scrolls of amnesia
 C - 2 scrolls of enchant armour
 H - 2 scrolls of blinking
 P - 5 scrolls of fear
Potions
 d - 2 potions of lignification
 e - 6 potions of mutation
 f - 2 potions of invisibility
 l - a potion of resistance
 r - a potion of cancellation
 t - a potion of haste
 F - 6 potions of curing
 W - 5 potions of ambrosia
Miscellaneous
 z - a phantom mirror
 U - a phial of floods
Comestibles
 c - 40 rations


   Skills:
 + Level 17.8 Fighting
 + Level 19.1 Axes
 + Level 16.3 Armour
 - Level 2.4 Dodging
 - Level 1.5 Stealth
 - Level 15.0 Shields
 + Level 10.2 Invocations
 + Level 8.1 Evocations


You had 17 spell levels left.
You didn't know any spells.
Your spell library contained the following spells:

 Spells                   Type           Power        Failure   Level  Hunger
 Apportation              Tloc           #.....       97%         1    ##.....
 Beastly Appendage        Tmut           #.....       97%         1    ##.....
 Freeze                   Ice            #...         97%         1    ##.....
 Shock                    Conj/Air       #...         97%         1    ##.....
 Summon Butterflies       Summ           #.......     97%         1    ##.....
 Sticks to Snakes         Tmut           #.......     99%         2    ###....
 Swiftness                Chrm/Air       #.......     99%         2    ###....
 Frozen Ramparts          Ice            #.....       100%        3    ####...
 Lesser Beckoning         Tloc           #.........   100%        3    ####...
 Mephitic Cloud           Conj/Pois/Air  #.......     100%        3    ####...
 Ozocubu's Armour         Chrm/Ice       #.......     100%        3    ####...
 Recall                   Summ/Tloc      N/A          100%        3    ####...
 Spider Form              Tmut/Pois      #.........   100%        3    ####...
 Static Discharge         Conj/Air       #.......     100%        3    ####...
 Tukima's Dance           Hex            #.......     100%        3    ####...
 Airstrike                Air            #.........   100%        4    #####..
 Hailstorm                Conj/Ice       #.......     100%        4    #####..
 Ice Form                 Ice/Tmut       #.......     100%        4    #####..
 Sticky Flame             Conj/Fire      #.......     100%        4    #####..
 Summon Ice Beast         Ice/Summ       #.......     100%        4    #####..
 Alistair's Intoxication  Tmut/Pois      #.......     100%        5    ######.
 Aura of Abjuration       Summ           #.........   100%        5    ######.
 Blade Hands              Tmut           #.........   100%        5    ######.
 Bolt of Magma            Conj/Fire/Erth #.........   100%        5    ######.
 Lightning Bolt           Conj/Air       #.........   100%        5    ######.
 Summon Demon             Summ           #.........   100%        5    ######.
 Summon Forest            Summ/Tloc      #.........   100%        5    ######.
 Summon Mana Viper        Hex/Summ       #.......     100%        5    ######.
 Invisibility             Hex            #.......     100%        6    #######
 Shadow Creatures         Summ           N/A          100%        6    #######
 Malign Gateway           Summ/Tloc      #.........   100%        7    #######
 Monstrous Menagerie      Summ           #.........   100%        7    #######
 Spellforged Servitor     Conj/Summ      #.........   100%        7    #######
 Summon Greater Demon     Summ           #.........   100%        7    #######
 Summon Horrible Things   Summ           #.........   100%        8    #######


Dungeon Overview and Level Annotations

Branches:
Dungeon (15/15)            Temple (0/1) D:6            Lair (6/6) D:8
  Swamp (4/4) Lair:3       Spider (4/4) Lair:2        Slime (0/5) Lair:6
    Orc (2/2) D:11            Elf (0/3) Orc:2        Vaults (0/5) D:14
 Depths (0/5) D:15

Altars:
Ashenzari
Dithmenos
Elyvilon
Fedhas
Gozag
Hepliaklqana
Qazlal
Ru
Sif Muna
Wu Jian
Yredelemnul
Zin
The Shining One
Jiyva

Shops:
D:8 !*:   D:10 [   D:12 (   D:14 (   Orc:2 [(*[

Portals:
Bazaar: Orc:2

Annotations:
D:10 2 transporters
D:11 exclusions: door and 4 more exclusions
Lair:3 exclusion: oklob plant
Swamp:4 Lernaean hydra


Message History

You slash the swamp drake!
You kill the swamp drake!
Beogh accepts your kill.
You slice one of the 27-headed Lernaean hydra's heads off!
You slice the 26-headed Lernaean hydra!!
The 26-headed Lernaean hydra is moderately wounded.
The 26-headed Lernaean hydra bites you but does no damage. x2
The 26-headed Lernaean hydra bites you.
* * * LOW HITPOINT WARNING * * *
The 26-headed Lernaean hydra bites you!
* * * LOW HITPOINT WARNING * * *
The 26-headed Lernaean hydra bites you but does no damage. x2
You block the 26-headed Lernaean hydra's attack.
The 26-headed Lernaean hydra bites you.
* * * LOW HITPOINT WARNING * * *
The 26-headed Lernaean hydra bites you but does no damage.
You block the 26-headed Lernaean hydra's attack.
The 26-headed Lernaean hydra bites you but does no damage.
The 26-headed Lernaean hydra bites you!
You die...

≈#≈≈≈≈≈.≈##.##..###
#..#≈≈...#####≈#≈#
##.≈#.(≈≈## ####≈##
#≈≈.#≈..## ##≈≈###
#≈.≈≈≈≈####.≈≈≈# #
#≈.≈≈.≈≈#≈≈≈≈≈≈##
#≈.#≈##.≈.#.≈≈≈.≈≈#
##..≈≈#.#..°#°≈§≈≈##
#.§.≈...°°@°....≈≈#
#.≈≈.≈.#≈#D#.≈≈..≈#
#.≈(..≈.#.°k°§.#≈..#
####≈§..≈##≈≈#≈#.≈≈##
##.≈.≈≈≈#≈###≈##°#
≈.≈.#≈≈##§#..○○##
≈.≈#.≈.≈≈.≈≈..○○#
≈.≈≈≈..≈#..#≈D≈○≈# ..
...≈.[○≈##


You could see the 26-headed Lernaean hydra and a swamp drake (catching breath).

Vanquished Creatures
  2 thorn hunters (Swamp:4)
  6 ghost moths (Spider:4)
  3 emperor scorpions
  An ettin (D:15)
  A fire dragon (D:13)
  A shambling mangrove (Swamp:2)
  Erolcha (Orc:1)
  A centaur warrior (D:13)
  5 hydras
  A catoblepas (Lair:6)
  5 alligators
  An ogre mage (D:15)
  A two-headed ogre (D:14)
  A tengu warrior (D:12)
  5 death yaks
  5 spriggans
  2 unseen horrors (D:11)
  A glowing orange brain (D:13)
  2 skeletal warriors (D:12)
  10 swamp dragons
  A spriggan druid (Swamp:3)
  An orc knight (Orc:2)
  A wizard (D:14)
  A harpy (shapeshifter) (D:14)
  7 orb spiders
  8 ugly things
  A cyclops (D:15)
  10 wolf spiders
  2 deep elf magi
  4 manticores
  An orc sorcerer (Orc:1)
  A centaur zombie (D:14)
  A moth of wrath (Spider:1)
  3 elephants
  3 black mambas
  8 spiny frogs
  A centaur skeleton (D:15)
  A kobold demonologist (D:8)
  A komodo dragon (Lair:5)
  A rime drake (Lair:5)
  A yaktaur (D:15)
  4 demonic crawlers
  An efreet (D:15)
  2 polar bears
  8 jumping spiders
  5 tyrant leeches
  17 hornets
  3 trolls
  5 hippogriffs
  6 blink frogs
  11 dream sheep
  11 slime creatures
  5 bog bodies
  A wraith (D:13)
  A shadow (D:12)
  2 wyverns
  36 redbacks
  12 tarantellas
  20 yaks
  2 basilisks
  A hungry ghost (D:14)
  15 vampire mosquitoes
  7 swamp worms
  13 insubstantial wisps
  2 soldier ants (Lair:6)
  5 water moccasins
  7 swamp drakes
  6 porcupines
  2 eyes of draining
  7 orc warriors
  An ice beast (D:15)
  4 sky beasts
  2 black bears (D:7)
  3 phantoms
  An eye of draining (shapeshifter) (D:14)
  8 ogres
  2 necrophages
  4 wolves
  8 centaurs
  5 crocodiles
  8 big kobolds
  Blork the orc (D:5)
  A gnoll sergeant (D:7)
  9 bullfrogs
  2 scorpions
  15 killer bees
  4 wights
  6 howler monkeys
  4 electric eels
  6 crimson imps
  3 bullfrog zombies
  6 hounds
  6 jellies
  6 orc priests
  2 bullfrog skeletons
  5 orc wizards
  3 iguanas
  11 worker ants
  A bullfrog simulacrum (D:13)
  A hound zombie (D:7)
  A howler monkey zombie (D:7)
  2 worker ant zombies
  10 gnolls
  14 adders
  2 shadow imps
  2 worms (D:2)
  5 leopard geckos
  20 orcs
  11 bats
  5 giant cockroaches
  14 goblins
  7 hobgoblins
  A jackal (D:7)
  22 kobolds
  6 quokkas
  4 ball pythons
  A frilled lizard (D:5)
  2 leopard gecko skeletons
  A leopard gecko zombie (D:6)
  A quokka zombie (D:9)
  11 rats
  9 briar patches (Swamp:4)
  4 fungi
  3 plants
626 creatures vanquished.

Vanquished Creatures (collateral kills)
  2 orc warlords
  Frances (Swamp:2)
  Donald (Swamp:2)
  A storm dragon (D:11)
  A fire giant (D:12)
  2 emperor scorpions
  3 entropy weavers
  A spark wasp (Spider:4)
  2 yaktaur captains (D:12)
  Fannar (Lair:1)
  15 hydras
  2 centaur warriors
  A ghost crab (Swamp:3)
  3 shambling mangroves
  2 catoblepae (Lair:6)
  5 alligators
  A queen ant (Lair:6)
  3 ogre magi
  14 death yaks
  7 two-headed ogres
  A glowing orange brain (shapeshifter) (D:14)
  An unseen horror (D:15)
  4 swamp dragons
  4 orc knights
  20 wolf spiders
  4 deep elf magi
  11 ugly things
  6 orb spiders
  2 cyclopes
  An elephant (Lair:6)
  2 manticores
  3 black mambas
  A centaur zombie (D:14)
  4 torpor snails
  2 gargoyles
  15 spiny frogs
  2 rime drakes
  An efreet (D:15)
  7 demonic crawlers
  8 komodo dragons
  6 trolls
  3 meliai (D:14)
  14 jumping spiders
  11 hornets
  6 tyrant leeches
  20 blink frogs
  4 bog bodies (Swamp:2)
  6 slime creatures
  6 dream sheep
  7 hippogriffs
  10 tarantellas
  46 yaks
  6 spriggans
  4 vampires
  26 redbacks
  2 wyverns
  27 vampire mosquitoes
  A hungry ghost (D:11)
  6 insubstantial wisps
  3 swamp worms (Swamp:1)
  A warg (Orc:2)
  3 soldier ants (Lair:6)
  6 water moccasins
  A sky beast (D:9)
  3 ice beasts
  8 porcupines
  A black bear (D:12)
  An eye of draining (D:14)
  An eye of draining (shapeshifter) (D:12)
  8 orc warriors
  6 swamp drakes
  7 ogres
  6 centaurs
  6 wolves
  A centaur (shapeshifter) (D:14)
  12 crocodiles
  5 big kobolds (D:8)
  4 bullfrogs
  A gnoll sergeant (D:9)
  A wyvern zombie (D:15)
  A hornet simulacrum (D:14)
  A wyvern skeleton (D:11)
  3 killer bees
  3 wights (D:11)
  An electric eel (D:10)
  2 crimson imps
  A bullfrog zombie (D:12)
  A quasit (D:12)
  3 hounds
  A jelly (D:9)
  3 orc priests
  5 centaur skeletons
  3 orc wizards
  7 worker ants
  4 gnolls
  3 adders
  10 orcs
  4 jackals (D:10)
  3 kobolds (D:8)
  3 briar patches (Swamp:4)
  A fire vortex (D:11)
  4 fungi
  4 plants
534 creatures vanquished.

Vanquished Creatures (others)
  2 orc warlords
  An alligator (Swamp:3)
  7 orc knights
  A spriggan druid (Swamp:3)
  2 orc sorcerers
  28 orc warriors
  46 orcs
  12 orc priests
  11 orc wizards
  7 fungi
  5 plants
122 creatures vanquished.

Grand Total: 1282 creatures vanquished

Notes
Turn   | Place    | Note
-------+----------+-------------------------------------------
     0 | D:1      | nikku the Hill Orc Monk began the quest for the Orb.
     0 | D:1      | Reached XP level 1. HP: 19/19 MP: 1/1
   110 | D:1      | Reached XP level 2. HP: 27/27 MP: 2/2
   149 | D:1      | Reached skill level 1 in Armour
   495 | D:1      | Reached XP level 3. HP: 33/33 MP: 3/3
   841 | D:1      | Found a glowing golden altar of the Shining One.
  1177 | D:2      | Reached XP level 4. HP: 39/41 MP: 4/4
  1302 | D:2      | Found a blossoming altar of Fedhas.
  1303 | D:2      | Found a stormy altar of Qazlal.
  1366 | D:2      | Reached skill level 5 in Axes
  2000 | D:3      | Reached XP level 5. HP: 35/47 MP: 5/5
  2087 | D:3      | Found a glowing silver altar of Zin.
  2087 | D:3      | Noticed an angel
  2768 | D:4      | Became a worshipper of Beogh the Brigand
  2768 | D:4      | Reached * piety under Beogh
  2768 | D:4      | Reached ** piety under Beogh
  2777 | D:4      | Reached skill level 5 in Fighting
  3043 | D:4      | Reached skill level 1 in Shields
  3043 | D:4      | Reached XP level 6. HP: 56/56 MP: 6/6
  3068 | D:4      | Got a shimmering mace
  3069 | D:4      | Identified the +10 mace of Cruel Justice {protect, *Rage
                  | +Rage rPois rN+++} (You found it on level 4 of the Dungeon)
  3293 | D:4      | Reached skill level 6 in Axes
  3918 | D:4      | Reached XP level 7. HP: 57/62 MP: 7/7
  4024 | D:4      | Found a sacrificial altar of Ru.
  4060 | D:5      | Entered Level 5 of the Dungeon
  4168 | D:5      | Noticed Blork the orc
  4181 | D:5      | Killed Blork the orc
  4687 | D:5      | Reached skill level 7 in Axes
  5441 | D:6      | Found a shadowy altar of Dithmenos.
  5723 | D:6      | Reached XP level 8. HP: 71/71 MP: 8/8
  5751 | D:6      | Found a staircase to the Ecumenical Temple.
  5790 | D:6      | Found a white marble altar of Elyvilon.
  5826 | D:6      | Reached *** piety under Beogh
  5953 | D:6      | Reached skill level 5 in Armour
  6528 | D:7      | Reached skill level 8 in Axes
  6722 | D:7      | Reached skill level 5 in Shields
  6723 | D:7      | Noticed a hippogriff
  6730 | D:7      | Noticed a slime creature
  6732 | D:7      | Killed a hippogriff
  6732 | D:7      | Reached XP level 9. HP: 62/81 MP: 9/9
  6746 | D:7      | Identified the +3 scimitar of Urghailikh {vorpal, MR+
                  | Int+4}
  6754 | D:7      | Reached skill level 9 in Axes
  6757 | D:7      | Reached **** piety under Beogh
  6782 | D:7      | Identified Vehumet's Collected Works on Arcane Weapons
  7097 | D:7      | Noticed a manticore
  7113 | D:7      | Killed a manticore
  7626 | D:7      | Found a shimmering blue altar of Sif Muna.
  7894 | D:8      | Found Qeppan's Distillery.
  7897 | D:8      | Found Guboem's General Store.
  7910 | D:8      | Noticed a kobold demonologist
  7912 | D:8      | Noticed a smoke demon
  7921 | D:8      | Killed a kobold demonologist
  7921 | D:8      | Reached skill level 10 in Axes
  7921 | D:8      | Reached XP level 10. HP: 34/91 MP: 10/10
  7968 | D:8      | Reached ***** piety under Beogh
  8173 | D:8      | Found Vihoni's Book Shop.
  8223 | D:8      | Found a basalt altar of Yredelemnul.
  8671 | D:8      | Gained Hawl as an ally
  8721 | D:8      | Found a staircase to the Lair.
  8722 | D:8      | Noticed an elephant
  8736 | D:8      | Killed an elephant
  9224 | D:9      | Found a shattered altar of Ashenzari.
  9245 | D:9      | Reached skill level 10 in Fighting
  9245 | D:9      | Gained Learuk as an ally
  9246 | D:9      | Reached skill level 11 in Axes
  9513 | D:9      | Found an ornate altar of the Wu Jian Council.
  9835 | D:9      | HP: 4/93 [troll (8)]
 10250 | D:9      | Found a hazy altar of Hepliaklqana.
 10365 | D:9      | Found a glowing golden altar of the Shining One.
 10417 | D:10     | Entered Level 10 of the Dungeon
 10417 | D:10     | Found a transporter.
 10417 | D:10     | Noticed a kobold demonologist
 10417 | D:10     | Noticed a kobold demonologist
 10420 | D:10     | Found a transporter.
 10421 | D:10     | Noticed a rust devil
 10423 | D:10     | Noticed a smoke demon
 10428 | D:10     | Noticed a kobold demonologist
 10428 | D:10     | Noticed an orc sorcerer
 10717 | D:10     | Reached XP level 11. HP: 86/101 MP: 11/11
 10951 | D:10     | Reached ****** piety under Beogh
 11103 | D:10     | Found Besi's Antique Armour Shoppe.
 11111 | D:10     | Bought a brightly glowing scale mail for 270 gold pieces
 11121 | D:10     | Identified the cursed +1 scale mail of Yredelemnul's
                  | Reproof {Int+4 Dex+8 Slay+2} (You bought it in a shop on
                  | level 10 of the Dungeon)
 11187 | D:10     | Noticed a deep elf knight
 11187 | D:10     | Noticed an orc sorcerer
 11423 | D:11     | Noticed a storm dragon
 11453 | D:11     | Killed an unseen horror
 11453 | D:11     | Gained Bogbarth as an ally
 11610 | D:11     | Your ally Learuk died
 11614 | D:11     | Your ally Bogbarth died
 11616 | D:11     | Your ally Hawl died
 11620 | D:11     | Killed a storm dragon
 11687 | D:11     | Reached skill level 12 in Axes
 11839 | Lair:1   | Entered Level 1 of the Lair of Beasts
 12138 | Lair:1   | Reached skill level 10 in Armour
 12565 | Lair:1   | Noticed Fannar
 12574 | Lair:1   | Killed Fannar
 12935 | Lair:2   | Found a hole to the Spider Nest.
 12935 | Lair:2   | Noticed an orb spider
 12945 | Lair:2   | Killed an orb spider
 12945 | Lair:2   | Reached skill level 10 in Shields
 12945 | Lair:2   | Reached XP level 12. HP: 112/112 MP: 12/12
 13093 | Lair:2   | Reached skill level 13 in Axes
 14122 | Lair:3   | Got a polished mace
 14369 | Lair:3   | Found a staircase to the Swamp.
 14758 | Lair:4   | Gained Jorge as an ally
 15245 | Lair:4   | Reached skill level 14 in Axes
 15351 | Lair:4   | Reached XP level 13. HP: 121/122 MP: 13/13
 17070 | Lair:6   | Entered Level 6 of the Lair of Beasts
 17893 | Lair:6   | Reached skill level 15 in Axes
 18331 | Lair:6   | Noticed an entropy weaver
 18336 | Lair:6   | Noticed an entropy weaver
 18340 | Lair:6   | Killed an entropy weaver
 18345 | Lair:6   | Killed an entropy weaver
 18345 | Lair:6   | Reached XP level 14. HP: 123/132 MP: 14/14
 18579 | Lair:6   | Found a viscous altar of Jiyva.
 18579 | Lair:6   | Found a staircase to the Slime Pits.
 19388 | Lair:6   | Reached skill level 16 in Axes
 20651 | D:11     | Found a staircase to the Orcish Mines.
 20925 | D:11     | Reached skill level 15 in Fighting
 21686 | D:12     | Found Putorhap's Antique Weapon Shoppe.
 21694 | D:12     | Bought a runed halberd for 168 gold pieces
 22266 | D:12     | Gained Boldo as an ally
 22280 | D:12     | Your ally Boldo died
 22676 | D:12     | Noticed a fire giant
 22684 | D:12     | Reached XP level 15. HP: 115/141 MP: 15/15
 22691 | D:12     | Killed a fire giant
 23243 | D:12     | Found the +12 Vampire's Tooth {vamp}
 24884 | D:13     | Got an ivory halberd
 24896 | D:14     | Found Honnus's Antique Weapon Emporium.
 24918 | D:14     | Reached skill level 17 in Axes
 25040 | D:14     | Found an opulent altar of Gozag.
 25460 | D:14     | Reached skill level 1 in Invocations
 25628 | D:14     | Reached skill level 1 in Evocations
 25703 | D:14     | Gained Judas as an ally
 25806 | D:14     | Found a gate to the Vaults.
 25892 | D:14     | Gained Grimold as an ally
 25898 | D:14     | Identified the +6 halberd "Cidowesch" {protect, +Rage +Fly}
                  | (You found it on level 13 of the Dungeon)
 26184 | D:15     | Entered Level 15 of the Dungeon
 26893 | D:15     | Found a staircase to the Depths.
 27364 | Orc:1    | Entered Level 1 of the Orcish Mines
 27561 | Orc:1    | Noticed Erolcha
 27570 | Orc:1    | Killed Erolcha
 27754 | Orc:2    | Entered Level 2 of the Orcish Mines
 27889 | Orc:2    | Found a gateway to a bazaar.
 27947 | Orc:2    | Gained Gorbash as an ally
 27948 | Orc:2    | Found Ruvis's General Store.
 27948 | Orc:2    | Found Omorghoi's Antique Weapon Boutique.
 27950 | Orc:2    | Found Jeah's Antique Armour Shop.
 27964 | Orc:2    | Found Ceneil's Armour Shoppe.
 27988 | Orc:2    | Your ally Gorbash died
 28074 | Orc:2    | Bought a scroll of brand weapon for 260 gold pieces
 28074 | Orc:2    | Bought a scroll of identify for 26 gold pieces
 28089 | Orc:2    | Bought the +3 pair of gauntlets of War {Slay+5} for 807
                  | gold pieces
 28089 | Orc:2    | Found the +3 pair of gauntlets of War {Slay+5}
 28089 | Orc:2    | Bought a +0 plate armour of magic resistance for 510 gold
                  | pieces
 28154 | Orc:2    | Found a staircase to the Elven Halls.
 28802 | Spider:1 | Entered Level 1 of the Spider Nest
 28942 | Spider:1 | Reached XP level 16. HP: 143/151 MP: 19/19
 29401 | Spider:1 | Gained Boderik as an ally
 29762 | Spider:1 | Reached skill level 15 in Armour
 29764 | Spider:1 | Reached skill level 5 in Invocations
 29768 | Spider:1 | Gained Milork as an ally
 30539 | Spider:2 | Got a warped demon blade
 30540 | Spider:2 | Identified the +8 demon blade of Theory {elec, *Slow rPois
                  | rC- rN+++} (You found it on level 2 of the Spider Nest)
 30730 | Spider:3 | Gained Zartorak as an ally
 30806 | Spider:3 | Gained Urtork as an ally
 31838 | Spider:4 | Entered Level 4 of the Spider Nest
 31862 | Spider:4 | Your ally Zartorak died
 31884 | Spider:4 | Your ally Milork died
 31888 | Spider:4 | Your ally Hawl died
 32027 | Spider:4 | Reached skill level 5 in Evocations
 32361 | Spider:4 | Reached skill level 18 in Axes
 32463 | Spider:4 | Reached skill level 15 in Shields
 32479 | Spider:4 | Gained Arkwar as an ally
 32534 | Spider:4 | Your ally Boderik died
 33295 | Spider:4 | Got a gossamer rune of Zot
 33384 | Spider:4 | Reached XP level 17. HP: 152/160 MP: 22/22
 33926 | Spider:4 | Identified a scroll of acquirement
 33927 | Spider:4 | Acquired 2630 gold pieces
 34116 | Swamp:1  | Entered Level 1 of the Swamp
 34122 | Swamp:1  | Your ally Hawl died
 34125 | Swamp:1  | Your ally Judas died
 35056 | Swamp:2  | Your ally Arkwar died
 35461 | Swamp:2  | Noticed Frances
 35471 | Swamp:2  | Killed Frances
 36017 | Swamp:2  | Noticed Donald
 36027 | Swamp:2  | Killed Donald
 37551 | Swamp:4  | Entered Level 4 of the Swamp
 37757 | Swamp:4  | Got a jewelled flail
 38048 | Swamp:4  | Identified the +1 flail of Falob {venom, Stlth+} (You found
                  | it on level 4 of the Swamp)
 38163 | Swamp:4  | Gained Bogrim as an ally
 38165 | Swamp:4  | Your ally Bogrim died
 38338 | Swamp:4  | Reached skill level 19 in Axes
 38351 | Swamp:4  | Noticed the 27-headed Lernaean hydra
 38353 | Swamp:4  | Reached skill level 10 in Invocations
 38373 | Swamp:4  | Your ally Grimold died
 38374 | Swamp:4  | Your ally Jorge died
 38377 | Swamp:4  | Your ally Urtork died
 38380 | Swamp:4  | Your ally Milork died
 38407 | Swamp:4  | HP: 8/163 [12-headed hydra (10)]
 38410 | Swamp:4  | Reached XP level 18. HP: 21/171 MP: 25/25
 38419 | Swamp:4  | Got a decaying rune of Zot
 39018 | Swamp:4  | HP: 6/171 [the 26-headed Lernaean hydra (11)]
 39018 | Swamp:4  | Slain by the 26-headed Lernaean hydra

Illustrated notes

Levels and vault maps discovered:
D:1:      dpeg_arrival_water_altar, layout_rooms, st_stairs_7,
          serial_bayou_pond_c
D:2:      layout_basic, grunt_temple_overflow_forces_of_nature
D:3:      layout_basic, zin_angel, first_ration, kennysheep_another_room
D:4:      layout_basic, lemuel_coloured_pillars_altar
D:5:      layout_layer_cave, minmay_misc_feat_rows, uniq_blork_the_orc
D:6:      layout_loops_corners, elyvilon_altar_5, grunt_dithmenos_smoke,
          minmay_temple_entry_ruins
D:7:      minmay_the_grid_octo_triangle [minmay_the_grid_octo_thin_diamonds,
          minmay_the_grid_octo_prize_ultimate_mussel_roller,
          minmay_the_grid_octo_fat_diamond], layout_basic, kennysheep_mini,
          minivault_27
D:8:      layout_basic, lemuel_doored_altar, david_lair_generic, special_room
          [special_room_kobold], serial_shops, shop_statue, shop_coins, shop
D:9:      layout_basic, marbit_many_paths, ashenzari_altar_1,
          nicolae_overflow_hidden_temple, kennysheep_little_box
D:10:     gammafunk_wand_slinger, layout_loops_cross, serial_shops, shop,
          grunt_ogre_cave, kennysheep_generic_room_16
D:11:     layout_roguey, david_orc_4, enter_bailey_7, kennysheep_island_fort
D:12:     kennysheep_snake, layout_basic, serial_shops, shop,
          minmay_guarded_unrand_vampires_tooth
D:13:     minmay_blocky_corners, layout_irregular_city,
          portal_ice_cave_entry_pillars_1
D:14:     layout_irregular_city, david_vaults_2, serial_shops,
          nicolae_shop_trees, nicolae_gozag_seed_capital
D:15:     hangedman_depths_entry_civil_slaughter, layout_loops_cross,
          serial_glass, glass_columns_a, glass_columns_a, glass_columns_a,
          glass_columns_a, glass_columns_b, glass_columns_b, glass_columns_a,
          glass_columns_a
Lair:1:   layout_regular_city, beast_lair_carwin_1, uniq_fannar
Lair:2:   layout_hall_layers, nicolae_spider_entry_orb_guardian
Lair:3:   layout_gridlike, skrybe_swamp_entry_bodies, grunt_megastairs_3,
          minmay_lair_oklob_chamber
Lair:4:   layout_loops_ring
Lair:5:   layout_loops_ring, nzn_random_ring, infiniplex_staircase_pool
Lair:6:   evilmike_catoblepas_cave, layout_layer_cave, slime_altar_1,
          wad_woods_antlair
Swamp:1:  layout_basic_swamp, evilmike_swamp_ruin_house_5, swamp_pool4
Swamp:2:  layout_basic_swamp, serial_swamp_ruin, evilmike_swamp_ruin_wall,
          evilmike_swamp_ruin_house_1, uniq_donald, uniq_frances
Swamp:3:  layout_basic_swamp, nicolae_swamp_very_dense_foliage, swamp_pool1
Swamp:4:  swamp_old_school, layout_basic_swamp, swamp_pool1
Spider:1: layout_spider_delve
Spider:2: layout_spider_delve
Spider:3: layout_spider_delve
Spider:4: guppyfry_spider_rune, nicolae_spider_cling_ruins
Orc:1:    layout_caves, gammafunk_ghost_split, minmay_orc_keep, uniq_erolcha
Orc:2:    st_orc_rangers, layout_diamond_mine, serial_shops, statue_bzr

Skill      XL: |  1  2  3  4  5  6  7  8  9 10 11 12 13 14 15 16 17 |
---------------+----------------------------------------------------+-----
Armour         | 1 2 3 4 6 7 9 10 11 12 14 15 16 | 16.3
Fighting       | 4 5 6 7 9 10 11 13 14 15 16 17 | 17.8
Axes           | 5 6 7 8 10 11 12 14 15 16 17 18 19 | 19.1
Shields        | 1 2 3 5 6 8 10 11 12 13 14 15 | 15.0
Invocations    | 4 7 10 | 10.2
Evocations     | 3 5 8 |  8.1
Dodging        | |  2.4
Stealth        | |  1.5

Action                   |  1- 3 |  4- 6 |  7- 9 | 10-12 | 13-15 | 16-18 || total
-------------------------+-------+-------+-------+-------+-------+-------++-------
Melee: Hand axe          |    94 |   137 |   286 |   465 |  1074 |       ||  2056
       Broad axe         |       |       |       |       |    50 |   753 ||   803
Throw: Dart              |       |       |       |       |     5 |       ||     5
Invok: Convert to Beogh  |       |     1 |       |       |       |       ||     1
       Recall Orcish Fol |       |       |       |     8 |     5 |     7 ||    20
       Give Item to Name |       |       |       |     3 |     2 |     4 ||     9
       Resurrection      |       |       |       |     1 |       |     2 ||     3
       Smiting           |       |       |       |       |     1 |       ||     1
  Use: Scroll            |     5 |     7 |    15 |     6 |    16 |    13 ||    62
       Potion            |       |       |     1 |     3 |     5 |    11 ||    20
 Stab: Sleeping          |       |     3 |       |     2 |       |       ||     5
       Distracted        |       |     1 |     1 |    10 |    19 |     5 ||    36
       Petrified         |       |       |       |       |     5 |       ||     5
       Confused          |       |       |       |       |       |     1 ||     1
  Eat: Chunk             |     1 |     7 |    10 |    18 |    33 |    12 ||    81
       Ration            |       |       |     1 |     2 |     3 |     6 ||    12
Armor: Robe              |    15 |       |       |       |       |       ||    15
       Ring mail         |    28 |    35 |    28 |       |       |       ||    91
       Chain mail        |       |       |   102 |    18 |       |       ||   120
       Acid dragon scale |       |       |       |    30 |       |       ||    30
       Storm dragon scal |       |       |       |    91 |   414 |       ||   505
       Scale mail        |       |       |       |    13 |       |       ||    13
       Plate armour      |       |       |       |       |    23 |   721 ||   744
Dodge: Dodged            |    97 |    43 |    58 |    96 |   250 |   246 ||   790
Block: Kite shield       |       |    34 |   136 |   250 |   671 |   622 ||  1713
